 Dungeon Crawl Stone Soup version 0.31-a0-219-g8d62b2e7bb (webtiles) character file.

Game seed: 16375364724686597465

241 Anon1729 the Trooper (level 5, -1/47 HPs)
             Began as a Minotaur Monk on July 3, 2023.
             Slain by a gnoll
             ... wielding a +0 club
             ... led by a gnoll sergeant
              (3 damage)
             ... on level 4 of the Dungeon.
             The game lasted 00:00:49 (1956 turns).

Anon1729 the Trooper (Minotaur Monk)                Turns: 1956, Time: 00:00:49

Health: -1/47      AC:  3    Str: 16    XL:     5   Next: 80%
Magic:  5/5        EV: 13    Int:  7    God:
Gold:   173        SH:  0    Dex: 14    Spells: 4/4 levels left

rFire   . . .        a - +0 short sword
rCold   . . .        d - orb {light}
rNeg    . . .        b - +0 robe
rPois   .            (helmet restricted)
rElec   .            g - +0 cloak
rCorr   .            (no gloves)
SInv    .            (no boots)
Will    .....        (no amulet)
Stlth   +            (no ring)
HPRegen 0.27/turn    (no ring)
MPRegen 0.09/turn

%: no passive effects
@: glowing
A: horns 2, retaliatory headbutt
a: no special abilities


You were on level 4 of the Dungeon.
You visited 1 branch of the dungeon, and saw 3 of its levels.

You collected 173 gold pieces.

Inventory:

Hand Weapons
 a - a +0 short sword (weapon)
Armour
 b - a +0 robe (worn)
 d - an orb of light (worn)
 g - a +0 cloak (worn)
Jewellery
 n - an amulet of regeneration
 t - a ring of positive energy
Scrolls
 e - a scroll of immolation {unknown}
 f - 5 scrolls of teleportation {unknown}
 j - a scroll of summoning {unknown}
 l - 2 scrolls of revelation {unknown}
 o - a scroll of enchant weapon {unknown}
 p - a scroll of fear {unknown}
 r - a scroll of amnesia {unknown}
Potions
 c - a potion of ambrosia
 h - a potion of might {unknown}
 i - 2 potions of attraction {unknown}
 k - 3 potions of haste {unknown}
 m - a potion of curing {unknown}
 q - 2 potions of enlightenment {unknown}
 s - a potion of heal wounds {unknown}


   Skills:
 + Level 4.8 Fighting
 + Level 4.4 Short Blades
 + Level 2.5 Armour
 + Level 4.4 Dodging
 + Level 2.1 Invocations


You had 4 spell levels left.
You didn't know any spells.
Your spell library contained the following spells:

 Spells                   Type           Power      Damage    Failure   Level
 Frozen Ramparts          Ice            0%         1d1       80%         3
 Ice Form                 Ice/Tmut       0%         N/A       99%         4
 Summon Ice Beast         Ice/Summ       0%         N/A       99%         4


Dungeon Overview and Level Annotations

Branches:
Dungeon (2/15)

Altars:


Innate Abilities, Weirdness & Mutations

You have a pair of horns on your head.
You reflexively headbutt those who attack you in melee.


Message History

The gnoll is moderately wounded.
The gnoll hits you with a +0 heavy spear!
The gnoll barely misses you. The gnoll hits you with a +0 club.
You hit the gnoll.
The gnoll is severely wounded.
A gnoll comes into view. It is wielding a +0 spear.
The gnoll hits you from afar with a +0 spear.
The gnoll closely misses you. The gnoll hits you with a +0 club.
The gnoll hits you with a +0 heavy spear.
The gnoll shouts!
You hit the gnoll but do no damage.
The gnoll is heavily wounded.
The gnoll hits you from afar with a +0 spear.
The gnoll hits you from afar with a +0 spear!
The gnoll misses you. The gnoll closely misses you.
The gnoll attacks as you move away! The gnoll closely misses you.
You furiously retaliate!
You headbutt the gnoll. The gnoll attacks as you move away!
The gnoll misses you.
The gnoll hits you from afar with a +0 spear.
The gnoll attacks as you move away! The gnoll hits you with a +0 club.
* * * LOW HITPOINT WARNING * * *
The gnoll attacks as you move away! The gnoll hits you with a +0 club!
* * * LOW HITPOINT WARNING * * *
You see here a ball python corpse.
A dart slug comes into view.
The dart slug launches a dart at you. The slug dart misses you.
The gnoll attacks as you move away! The gnoll hits you with a +0 club.
* * * LOW HITPOINT WARNING * * *
Found 5 poisoned darts.
The gnoll attacks as you move away! The gnoll hits you but does no damage.
The dart slug launches a dart at you. The slug dart misses you.
The gnoll attacks as you move away! The gnoll hits you with a +0 club.
* * * LOW HITPOINT WARNING * * *
The gnoll attacks as you move away! The gnoll hits you with a +0 club.
* * * LOW HITPOINT WARNING * * *
The gnoll attacks as you move away! The gnoll hits you with a +0 club.
You die...

.......###...## .##.
#.#. #..## ..... ....
#g## #.....# # #.#.#
##S.### ..# #..##
....(##.....###.# #...
#.#.#...###..#..# #..
..w......###...## ##.
#.#.##.g.####...######..
.. #.@................
#. ##.................
#....###.......###
....####.......#
....###.......##
..#..........†.#
..#............#
#.#...####.....## ..##
##....##


You could see a gnoll sergeant, a gnoll and a ball python.

Vanquished Creatures
  A scorpion (D:4)
  A hound (D:4)
  9 adders
  2 dart slugs
  An orc (D:4)
  10 endoplasms
  5 giant cockroaches
  6 hobgoblins
  2 jackals (D:1)
  A quokka (D:1)
  16 ball pythons
  2 frilled lizards (D:1)
  2 goblins (D:4)
  7 kobolds
  3 rats (D:2)
68 creatures vanquished.

Notes
Turn   | Place    | Note
-------+----------+-------------------------------------------
     0 | D:1      | Anon1729 the Minotaur Monk began the quest for the Orb.
     0 | D:1      | Reached XP level 1. HP: 19/19 MP: 0/0
   127 | D:1      | Reached XP level 2. HP: 13/27 MP: 1/1
   488 | D:1      | Reached XP level 3. HP: 20/33 MP: 2/2
   780 | D:2      | Reached skill level 1 in Armour
   871 | D:2      | Found a faded altar of an unknown god.
  1164 | D:2      | Reached skill level 1 in Invocations
  1204 | D:2      | Reached XP level 4. HP: 28/40 MP: 3/3
  1453 | D:2      | You fall into a shaft and drop 2 floors!
  1607 | D:4      | Noticed a scorpion
  1620 | D:4      | Killed a scorpion
  1621 | D:4      | Reached XP level 5. HP: 33/47 MP: 5/5
  1955 | D:4      | HP: 2/47 [gnoll/+0 club[a gnoll sergeant] (1)]
  1956 | D:4      | Slain by a gnoll

Illustrated notes

Levels and vault maps discovered:
D:1:      psy_arrival_heroes, layout_rooms, minmay_hexomino_p4
D:2:      layout_loops_cross, basic_altar, basic_ecumenical_altar,
          minmay_misc_feat_alley, st_stairs_13, minmay_snake_closets
D:4:      layout_layer_cave, serial_bayou_pond_b, st_stairs_12, uniq_natasha

Skill      XL: |  1  2  3  4  5 |
---------------+----------------+-----
Fighting       | 4 |  4.8
Armour         | 1 2 |  2.5
Invocations    | 1 2 |  2.1
Short Blades   | 4 |  4.4
Dodging        | 4 |  4.4

Action                     |  1- 3 |  4- 6 || total
---------------------------+-------+-------++-------
  Melee: Short sword       |    95 |    76 ||   171
         Headbutt          |    21 |    17 ||    38
 Armour: Robe              |     8 |    12 ||    20
  Dodge: Dodged            |    57 |    51 ||   108

Table legend: (Time is in decaauts)
 A = Elapsed time spent in this place.
 B = Non-inter-level travel time spent in this place.
 C = Inter-level travel time spent in this place.
 D = Time resting spent in this place.
 E = Time spent auto-exploring this place.
 F = Levels seen in this place.
 G = Mean time per level.
                   A        B        C        D        E       F      G
               +--------+--------+--------+--------+--------+-----+--------+
         Total |   1922 |   1844 |     78 |    107 |   1370 |   3 |  640.7 |
       Dungeon |   1922 |   1844 |     78 |    107 |   1370 |   3 |  640.7 |
               +--------+--------+--------+--------+--------+-----+--------+

Top non-repeatable levels by time:
     D:1: 729 daAuts
     D:2: 697 daAuts
     D:4: 495 daAuts
